 Dungeon Crawl Stone Soup version 0.30-b1-2-g02819fbbbe (webtiles) character file.

Game seed: 6211649469939443058

7 Alarkh the Caller (level 1, 0/13 HPs)
             Began as a Demonspawn Summoner on May 30, 2023.
             Slain by a hobgoblin (2 damage)
             ... on level 1 of the Dungeon.
             The game lasted 00:01:50 (222 turns).

Alarkh the Caller (Demonspawn Summoner)              Turns: 222, Time: 00:01:51

Health: 0/13       AC:  2    Str:  8    XL:     1   Next: 83%
Magic:  2/3        EV: 12    Int: 16    God:
Gold:   14         SH:  0    Dex: 13    Spells: 3/4 levels left

rFire   . . .        b - +0 dagger
rCold   . . .        (no shield)
rNeg    . . .        a - +0 robe
rPois   .            (no helmet)
rElec   .            (no cloak)
rCorr   .            (no gloves)
SInv    .            (no boots)
Will    .....        (no amulet)
Stlth   ++           (no ring)
HPRegen 0.22/turn    (no ring)
MPRegen 0.08/turn

%: no passive effects
@: no status effects
A: no striking features
a: no special abilities


You were on level 1 of the Dungeon.
You visited 1 branch of the dungeon, and saw 1 of its levels.

You collected 14 gold pieces.

Inventory:

Hand Weapons
 b - a +0 dagger (weapon)
Armour
 a - a +0 robe (worn)
Potions
 d - a potion of flight {unknown}


   Skills:
 - Level 1.7 Dodging
 - Level 1.7 Stealth
 + Level 2.0 Spellcasting
 * Level 4.3 Summonings


You had 3 spell levels left.
You knew the following spells:

 Your Spells              Type           Power      Damage    Failure   Level
a - Summon Small Mammal   Summ           60%        N/A       3%          1

Your spell library contained the following spells:

 Spells                   Type           Power      Damage    Failure   Level
 Call Imp                 Summ           30%        N/A       5%          2
 Call Canine Familiar     Summ           15%        N/A       11%         3
 Summon Guardian Golem    Hex/Summ       8%         N/A       26%         3
 Summon Lightning Spire   Summ/Air       8%         N/A       63%         4


Dungeon Overview and Level Annotations

Branches:
Dungeon (1/15)

Altars:


Message History

You barely miss the jackal.
The jackal is heavily wounded.
Your bat barely misses the kobold. x2; The jackal closely misses you.
The kobold hits you but does no damage.
You completely miss the jackal.
The jackal is heavily wounded.
Your bat closely misses the kobold. x2
You completely miss the kobold.
The jackal barks!
Your bat misses the kobold. The kobold hits you with a +0 whip.
You closely miss the jackal.
The jackal is moderately wounded.
Your bat barely misses the kobold.
Your bat closely misses the jackal.
The jackal barely misses you. The kobold hits you with a +0 whip.
Your bat barely misses the kobold.
The jackal bites you but does no damage.
You hit the jackal.
The jackal is severely wounded.
Your bat barely misses the kobold. x2; The kobold barely misses you.
Your bat misses the kobold. The jackal closely misses you.
You hit the jackal but do no damage.
The jackal is severely wounded.
Your bat hits the kobold. The jackal barely misses you.
Your bat closely misses the kobold.
You hit the jackal but do no damage.
The jackal is severely wounded.
Your bat hits the kobold but does no damage.
The jackal bites you.
* * * LOW HITPOINT WARNING * * *
The jackal barely misses you.
Unknown command.
Your bat closely misses the kobold. x2; The kobold closely misses your bat.
You flicker for a moment.
A hobgoblin comes into view.
Found a scroll labelled AGHULUANAI.
You flicker back into view.
The hobgoblin hits you.
* * * LOW HITPOINT WARNING * * *
You open the door. The hobgoblin hits you.
You die...

>...###.#
(
#.##...#.#
##.##### #
# ####.#.#
#.##...###
#?#......#
#.#....##.
#........#
#.#....#..
#........#
#.'.......
#.....h..#
#.#....#..
#.....g..#
#.#....##.
#......@.#
#.##...###
.....#'###
##.##### #
..#....
#.# ##
.......
#.## #.
.......
##.###
.....#.
##..####
.....#.
###...#
.....#.
####. ##


You could see a jackal and a hobgoblin.

Vanquished Creatures (collateral kills)
  A giant cockroach (D:1)
  A goblin (D:1)
  A jackal (D:1)
  A kobold (D:1)
  A quokka (D:1)
5 creatures vanquished.

Notes
Turn   | Place    | Note
-------+----------+-------------------------------------------
     0 | D:1      | Alarkh the Demonspawn Summoner began the quest for the Orb.
     0 | D:1      | Reached XP level 1. HP: 13/13 MP: 3/3
   222 | D:1      | Slain by a hobgoblin

Illustrated notes

Levels and vault maps discovered:
D:1:      dpeg_arrival_morbid_curiosity, layout_basic

Action                     || total
---------------------------++-------
  Melee: Unarmed           ||     8
         Dagger            ||     7
   Cast: Summon Small Mamm ||    15
    Use: Potion            ||     3
 Armour: Robe              ||    13
  Dodge: Dodged            ||    42
